 Dungeon Crawl Stone Soup version 0.27.0-1-g7a089689b8 (webtiles) character file.

Game seed: 4037965416653499671

27 mainiacjoe the Vexing (level 2, 0/23 HPs)
             Began as a Draconian Arcane Marksman on Aug 16, 2021.
             Succumbed to an adder's poison
             ... on level 2 of the Dungeon.
             The game lasted 00:08:04 (1573 turns).

mainiacjoe the Vexing (Draconian Arcane Marksman)   Turns: 1573, Time: 00:08:05

Health: 0/23       AC:  4    Str: 12    XL:     2   Next: 93%
Magic:  2/3        EV: 12    Int: 13    God:
Gold:   65         SH:  0    Dex: 11    Spells: 0/3 levels left

rFire    . . .     SeeInvis .   a - +0 shortbow
rCold    . . .     Faith    .   (shield currently unavailable)
rNeg     . . .     Spirit   .   (armour unavailable)
rPois    .         Reflect  .   (helmet restricted)
rElec    .         Harm     .   (no cloak)
rCorr    .         Rampage  .   (no gloves)
Will     .....                  (no boots)
Stlth    +.........             (no amulet)
HPRegen  0.07/turn              k - ring of wizardry {=R}
MPRegen  0.08/turn              (no ring)

@: mighty, lethally poisoned (0 -> -3), very slightly contaminated, invisible
A: AC +4, unfitting armour, cold-blooded
a: no special abilities


You were on level 2 of the Dungeon.
You visited 1 branch of the dungeon, and saw 2 of its levels.

You collected 65 gold pieces.

Inventory:

Hand Weapons
 a - a +0 shortbow (weapon)
 e - a +0 club
Missiles
 c - 14 arrows (quivered ammo)
 d - 7 boomerangs
 f - 45 stones
 h - 6 javelins
 i - 31 bolts
Jewellery
 k - a ring of wizardry (left hand) {=R}
Scrolls
 b - a scroll of vulnerability {unknown}
 l - a scroll of summoning {unknown}


   Skills:
 - Level 1.1 Fighting
 + Level 2.5 Bows
 - Level 1.7 Dodging
 - Level 1.0 Spellcasting
 + Level 3.2 Hexes


You couldn't memorise any spells.
You knew the following spells:

 Your Spells              Type           Power      Damage    Failure   Level
a - Corona                Hex            10%        N/A       3%          1
b - Slow                  Hex            9%         N/A       4%          2

Your spell library contained the following spells:

 Spells                   Type           Power      Damage    Failure   Level
 Corpse Rot               Necr/Air       N/A        N/A       16%         2
 Poisonous Vapours        Pois/Air       0%         N/A       16%         2
 Inner Flame              Hex/Fire       4%         N/A       17%         3
 Portal Projectile        Hex/Tloc       8%         N/A       17%         3
 Cause Fear               Hex            4%         N/A       28%         4
 Freezing Cloud           Conj/Ice/Air   0%         6-21      95%         5


Dungeon Overview and Level Annotations

Branches:
Dungeon (2/15)

Altars:

Shops:
D:1 (


Innate Abilities, Weirdness & Mutations

Your plain brown scales are hard. (AC +4)
You cannot fit into any form of body armour.
You are cold-blooded and may be slowed by cold attacks.


Message History

You feel sick. The adder bites you.
You are more poisoned.
The adder poisons you! The adder bites you but does no damage.
You barely miss the adder.
The adder is moderately wounded.
You feel sick. The adder bites you but does no damage.
You are too injured to fight recklessly!
a - a +0 shortbow (weapon)
You feel sick. The adder bites you.
You are lethally poisoned!
The adder poisons you!
Fire: 16 arrows
Press: ? - help, Q - select action, (/) - cycle Shift-Dir - straight line, f/p - adder
Aim: an adder (moderately wounded, 35% to hit)
You shoot an arrow. The arrow barely misses the adder.
You feel very sick. The adder bites you.
* * * LOW HITPOINT WARNING * * *
Fire: 15 arrows
Press: ? - help, Q - select action, (/) - cycle Shift-Dir - straight line, f/p - adder
Aim: an adder (moderately wounded, 35% to hit)
You shoot an arrow. The arrow barely misses the adder.
* * * LOW HITPOINT WARNING * * *
You feel sick.
The adder bites you but does no damage. x2
It was a potion of might.
You feel very mighty all of a sudden.
* * * LOW HITPOINT WARNING * * *
You feel sick. The adder barely misses you.
It was a potion of invisibility.
You fade into invisibility!
* * * LOW HITPOINT WARNING * * *
You feel sick. The adder misses you. The adder barely misses you.
You are very lightly contaminated with residual magic.
You are now empty-handed.
Really attack while wielding nothing? [Y]es or [N]o only, please.
Really attack while wielding nothing?
Okay, then.
a - a +0 shortbow (weapon)
You die...

..#
#.#
#.#
#.#
#.#
#.#
#S#
#@#
#.#
#.#
#.#
#.#
#.####
#....#
####.#
## #.#


You could see an adder.

Vanquished Creatures
  A worm (D:2)
  A dart slug (D:1)
  A ball python (D:1)
  An endoplasm (D:1)
  2 giant cockroaches (D:2)
  3 goblins
  4 hobgoblins (D:1)
  A kobold (D:1)
  A quokka (D:1)
  2 bats (D:1)
  A frilled lizard (D:1)
  A rat (D:1)
19 creatures vanquished.

Notes
Turn   | Place    | Note
-------+----------+-------------------------------------------
     0 | D:1      | mainiacjoe the Draconian Arcane Marksman began the quest
                  | for the Orb.
     0 | D:1      | Reached XP level 1. HP: 16/16 MP: 2/2
   352 | D:1      | Found Arileoju's Weapon Shoppe.
   765 | D:1      | Reached skill level 3 in Hexes
   765 | D:1      | Reached XP level 2. HP: 23/23 MP: 3/3
   860 | D:1      | Found a faded altar of an unknown god.
  1281 | D:1      | Learned a level 2 spell: Slow
  1571 | D:2      | HP: 1/23 [poisoned by an adder]
  1573 | D:2      | Succumbed to an adder's poison

Illustrated notes

Levels and vault maps discovered:
D:1:      eino_arrival_water_star, layout_rooms, basic_ecumenical_altar,
          serial_shops, nicolae_shop_statue_plus, minmay_misc_feat_encased
D:2:      layout_basic, chequers_garden

Skill      XL: |  1 |
---------------+----+-----
Bows           | 2 |  2.5
Hexes          | 3 |  3.2
Fighting       | |  1.1
Dodging        | |  1.7
Spellcasting   | |  1.0

Action                   || total
-------------------------++-------
Melee: Unarmed           ||     5
       Club              ||    36
       Tailslap          ||     3
 Fire: Shortbow          ||    30
Throw: Boomerang         ||    29
 Cast: Corona            ||     1
       Slow              ||     3
  Use: Potion            ||     2
Armor: Skin              ||    38
Dodge: Dodged            ||    73
